 Dungeon Sprint DCSS version 0.19.0-19-g8c6edcc (webtiles) character file.

15715 equalderp2856 the Eviscerator (level 12, 0/58 HPs)
             Began as a Felid Fighter on Nov 12, 2016.
             Slain by a sea snake (12 damage)
             ... in the Dungeon (Sprint IX: "|||||||||||||||||||||||||||||").
             The game lasted 00:15:31 (6257 turns).

equalderp2856 the Eviscerator (Felid Fighter)       Turns: 6257, Time: 00:15:32

Health: 0/58       AC:  3    Str: 14    XL:     12   Next: 3%
Magic:  13/13      EV: 36    Int: 11    God:
Gold:   1924       SH:  0    Dex: 20    Spells: 0 memorised, 11 levels left
                                        Lives:  0   Deaths: 3

rFire  . . .     SeeInvis +       - Unarmed
rCold  + . .     Gourm    .     (armour unavailable)
rNeg   . . .     Faith    .     (shield unavailable)
rPois  .         Spirit   .     (helmet unavailable)
rElec  .         Reflect  .     (cloak unavailable)
rCorr  .         Harm     .     (gloves unavailable)
MR     +....     NoTele   +     (boots unavailable)
Stlth  ++++++++..               (no amulet)
                                j - +2 ring of evasion
                                i - +3 ring of dexterity

@: quick
A: no armour, no weapons or thrown items, stealth, claws 1, fangs 3, see
invisible, carnivore 3, speed 1, shaggy fur 3, slow metabolism 1, sharp paws
a: no special abilities


You were in the Dungeon.
You were not hungry.

You visited 1 branch You collected 1924 gold pieces.

Inventory:

Jewellery
 i - a +3 ring of dexterity (left paw)
 j - a +2 ring of evasion (right paw)
 p - an uncursed ring of ice
 q - an uncursed ring of ice
Wands
 k - a wand of iceblast (7/15)
 s - a wand of iceblast (6/15)
Scrolls
 b - a scroll of identify
 h - 2 scrolls of blinking
 l - 6 scrolls of remove curse
 m - 2 scrolls of amnesia
Potions
 a - a potion of might
 c - 7 potions of curing
 d - 7 potions of heal wounds
 e - 3 potions of haste
 f - 5 potions of magic
 g - 3 potions of berserk rage
 n - 2 potions of invisibility
 r - a potion of cure mutation
Comestibles
 o - 13 meat rations


   Skills:
 + Level 9.8 Fighting
 + Level 18.0 Dodging
 + Level 18.0 Stealth
 + Level 25.1 Unarmed Combat


You had 11 spell levels left.
You didn't know any spells.

Dungeon Overview and Level Annotations

Branches:
Dungeon (1/1)

Altars:
Cheibriados
Dithmenos
Elyvilon
Fedhas
Gozag
Hepliaklqana
Kikubaaqudgha
Makhleb
Nemelex Xobeh
Okawaru
Qazlal
Ru
Sif Muna
Trog
Uskayaw
Vehumet
Xom
Yredelemnul
Zin
The Shining One
Beogh
Jiyva
Lugonu

Shops:
D ?=[}


Innate Abilities, Weirdness & Mutations

You cannot wear armour.
You are incapable of wielding weapons or throwing items.
Your paws allow you to move quietly. (Stealth)
You have sharp claws.
You have razor-sharp teeth.
You have supernaturally acute eyesight. (SInv)
You are carnivorous and can eat meat at any time.
You cover ground quickly.
Your thick and shaggy fur keeps you warm. (AC +3, rC+)
You have a slow metabolism.
Your sharp claws are effective at attacking unaware monsters.


Message History

You feel very sick.
* * * LOW HITPOINT WARNING * * *
You feel very sick.
You scratch the sea snake but do no damage.
Your bite misses the sea snake.
The sea snake is heavily wounded.
* * * LOW HITPOINT WARNING * * *
You feel very sick. The sea snake completely misses you.
Unknown command.
You can't grasp things well enough to throw them.
You can't grasp things well enough to throw them.
You feel better. The sea snake bites you!
* * * LOW HITPOINT WARNING * * *
You closely miss the sea snake. You claw the sea snake!
The sea snake is severely wounded.
You closely miss the sea snake.
The sea snake is severely wounded.
The sea snake bites you!
You die...

...)..........).................)
▓▓▓▓▓▓▓▓▓▓▓▓▓▓▓▓▓▓▓▓▓▓▓▓▓▓▓▓▓▓▓▓▓
...)[))))))))))(('(..)).....))'))
▓▓▓▓▓▓▓▓▓▓▓▓▓▓▓▓▓▓▓▓▓▓▓▓▓▓▓▓▓▓▓▓▓
.........................).......
▓▓▓▓▓▓▓▓▓▓▓▓▓▓▓▓▓▓▓▓▓▓▓▓▓▓▓▓▓▓▓▓▓
..(=.)))))))).[[[[[[[[......?.?.'
▓▓▓▓▓▓▓▓▓▓▓▓▓▓▓▓▓▓▓▓▓▓▓▓▓▓▓▓▓▓▓▓▓
..÷......)....)S@.......)..).....
▓▓▓▓▓▓▓▓▓▓▓▓▓▓▓♣♣♣♣♣♣♣♣♣♣▓▓▓▓▓▓▓▓
..t..'m...S.S≈ ▓▓▓▓▓▓▓▓▓▓▓▓▓▓


You could see a sea snake.

Vanquished Creatures
  Rupert (D)
  Aizul (D)
  A stone giant (D)
  A fire dragon (D)
  2 merfolk impalers (D)
  Josephine (D)
  A yaktaur captain (D)
  2 hydras (D)
  A centaur warrior (D)
  Erica (D)
  2 deep troll shamans (D)
  An ogre mage (D)
  An orc high priest (D)
  Urug (D)
  Nergalle (D)
  A sea snake (D)
  An unseen horror (D)
  3 deep trolls (D)
  A flayed ghost (D)
  6 hill giants (D)
  3 manticores (D)
  Maurice (D)
  A black mamba (D)
  Psyche (D)
  A gargoyle (D)
  A yaktaur (shapeshifter) (D)
  A rime drake (D)
  A yaktaur (D)
  4 komodo dragons (D)
  A merfolk (D)
  5 polar bears (D)
  4 trolls (D)
  A hippogriff (D)
  4 wraiths (D)
  A wyvern (D)
  A yak (D)
  2 water moccasins (D)
  3 porcupines (D)
  13 orc warriors (D)
  An ice beast (D)
  3 black bears (D)
  A wolf (D)
  3 ogres (D)
  2 crocodiles (D)
  4 bullfrogs (D)
  A crimson imp (D)
  4 orc wizards (D)
  3 shadow imps (D)
  An adder zombie (D)
  An adder skeleton (D)
  8 orcs (D)
  A ball python (D)
  A bat skeleton (D)
  A giant cockroach (D)
  A jackal (D)
  A quokka (D)
  A bat (D)
  A rat (D)
118 creatures vanquished.

Notes
Turn   | Place    | Note
-------+----------+-------------------------------------------
     0 | D        | equalderp2856 the Felid Fighter began the quest for the Orb.
     0 | D        | Reached XP level 1. HP: 10/10 MP: 2/2
    20 | D        | Noticed an ogre
    31 | D        | Killed an ogre
    31 | D        | Reached skill level 7 in Unarmed Combat
    31 | D        | Reached XP level 2. HP: 11/15 MP: 3/3
    31 | D        | Reached XP level 3. HP: 13/18 MP: 4/4
    31 | D        | Reached XP level 4. HP: 17/22 MP: 5/5
    44 | D        | Reached skill level 8 in Unarmed Combat
    46 | D        | HP: 1/22 [shadow imp/nerve-wracking pain (4)]
    47 | D        | Slain by a shadow imp
    48 | D        | Reached XP level 3. HP: -1/19 MP: 4/4
   106 | D        | Noticed a manticore
   106 | D        | Noticed an orc warrior
   106 | D        | Noticed a gargoyle
   106 | D        | Noticed a hill giant
   116 | D        | Killed a hill giant
   116 | D        | Reached skill level 12 in Unarmed Combat
   116 | D        | Reached XP level 4. HP: 10/24 MP: 5/5
   116 | D        | Reached XP level 5. HP: 12/28 MP: 6/6
   116 | D        | Gained mutation: You are covered in thick fur. (AC +2) [Felid growth]
   116 | D        | Reached XP level 6. HP: 13/31 MP: 7/7
   345 | D        | Killed a gargoyle
   345 | D        | Reached skill level 10 in Dodging
   345 | D        | Reached skill level 13 in Unarmed Combat
   345 | D        | Reached XP level 7. HP: 15/36 MP: 8/8
   584 | D        | Killed a manticore
   584 | D        | Reached skill level 1 in Stealth
   584 | D        | Reached skill level 14 in Unarmed Combat
   584 | D        | Reached XP level 8. HP: 25/40 MP: 9/9
   740 | D        | Reached skill level 15 in Unarmed Combat
   859 | D        | Found a glowing golden altar of the Shining One.
   859 | D        | Found a glowing silver altar of Zin.
   859 | D        | Found a basalt altar of Yredelemnul.
   859 | D        | Found a shimmering altar of Xom.
   859 | D        | Found a radiant altar of Vehumet.
   860 | D        | Found a hide-covered altar of Uskayaw.
   861 | D        | Found a bloodstained altar of Trog.
   862 | D        | Found a deep blue altar of Sif Muna.
   863 | D        | Found a sacrificial altar of Ru.
   864 | D        | Found a stormy altar of Qazlal.
   865 | D        | Found an iron altar of Okawaru.
   866 | D        | Found a sparkling altar of Nemelex Xobeh.
   867 | D        | Found a burning altar of Makhleb.
   868 | D        | Found a corrupted altar of Lugonu.
   869 | D        | Found an ancient bone altar of Kikubaaqudgha.
   870 | D        | Found a viscous altar of Jiyva.
   871 | D        | Found a hazy altar of Hepliaklqana.
   872 | D        | Found an opulent altar of Gozag.
   873 | D        | Found a blossoming altar of Fedhas.
   874 | D        | Found a white marble altar of Elyvilon.
   875 | D        | Found a shadowy altar of Dithmenos.
   876 | D        | Found a snail-covered altar of Cheibriados.
   877 | D        | Found a roughly hewn altar of Beogh.
  1052 | D        | Noticed a black mamba
  1052 | D        | Noticed a six-headed hydra
  1059 | D        | Killed a black mamba
  1059 | D        | Reached skill level 16 in Unarmed Combat
  1059 | D        | Reached XP level 9. HP: 22/44 MP: 10/10
  1633 | D        | HP: 2/44 [six-headed hydra (11)]
  1959 | D        | Killed a six-headed hydra
  1959 | D        | Reached skill level 17 in Unarmed Combat
  1960 | D        | Noticed a four-headed hydra
  2110 | D        | Killed a four-headed hydra
  2110 | D        | Reached XP level 10. HP: 34/49 MP: 11/11
  2215 | D        | Reached skill level 18 in Unarmed Combat
  2524 | D        | Reached skill level 10 in Stealth
  2524 | D        | Reached skill level 19 in Unarmed Combat
  2814 | D        | Noticed Psyche
  2821 | D        | Killed Psyche
  2833 | D        | Noticed Josephine
  2844 | D        | Killed Josephine
  2844 | D        | Reached skill level 15 in Dodging
  2844 | D        | Reached XP level 11. HP: 41/53 MP: 12/12
  2859 | D        | Reached skill level 20 in Unarmed Combat
  3001 | D        | Noticed an orc high priest
  3102 | D        | Killed an orc high priest
  3674 | D        | Found Jifaris's Magic Scroll Emporium.
  3674 | D        | Noticed an ogre mage
  3674 | D        | Noticed a hill giant
  3674 | D        | Noticed a deep troll
  3674 | D        | Noticed a deep troll
  3676 | D        | Killed an ogre mage
  3677 | D        | Found Emnusan's Jewellery Shoppe.
  3682 | D        | Killed a hill giant
  3682 | D        | Reached skill level 21 in Unarmed Combat
  3739 | D        | Killed a deep troll
  3753 | D        | Killed a deep troll
  4093 | D        | Found Kasunorph's Armour Emporium.
  4097 | D        | Found Haocleas's Gadget Shoppe.
  4099 | D        | Noticed a deep troll
  4100 | D        | Noticed a hill giant
  4101 | D        | Noticed a hill giant
  4102 | D        | Noticed a hill giant
  4103 | D        | Noticed a hill giant
  4108 | D        | Killed a deep troll
  4268 | D        | Killed a hill giant
  4282 | D        | Killed a hill giant
  4282 | D        | Reached skill level 22 in Unarmed Combat
  4287 | D        | Killed a hill giant
  4293 | D        | Killed a hill giant
  4459 | D        | Noticed Erica
  4478 | D        | Killed Erica
  4478 | D        | Gained mutation: Your thick and shaggy fur keeps you warm. (AC +3, rC+) [Felid growth]
  4478 | D        | Reached XP level 12. HP: 45/57 MP: 13/13
  4543 | D        | Noticed Maurice
  4550 | D        | Killed Maurice
  4640 | D        | Noticed a centaur warrior
  4644 | D        | Killed a centaur warrior
  4645 | D        | Noticed a deep troll shaman
  4653 | D        | Reached skill level 15 in Stealth
  4654 | D        | Noticed a stone giant
  4659 | D        | Reached skill level 23 in Unarmed Combat
  4662 | D        | Noticed a fire dragon
  4667 | D        | Killed a deep troll shaman
  4668 | D        | Slain by a stone giant
  4669 | D        | Reached XP level 11. HP: -4/53 MP: 12/12
  4913 | D        | Slain by a stone giant
  4914 | D        | Reached XP level 10. HP: -4/49 MP: 11/11
  5172 | D        | Killed a stone giant
  5242 | D        | Killed a fire dragon
  5356 | D        | Noticed a yaktaur captain
  5362 | D        | Noticed a deep troll shaman
  5492 | D        | Killed a yaktaur captain
  5492 | D        | Reached XP level 11. HP: 53/53 MP: 12/12
  5497 | D        | Killed a deep troll shaman
  5518 | D        | Noticed a flayed ghost
  5524 | D        | Killed a flayed ghost
  5578 | D        | Noticed Nergalle
  5585 | D        | Killed Nergalle
  5585 | D        | Reached skill level 24 in Unarmed Combat
  5589 | D        | Noticed Urug
  5596 | D        | Killed Urug
  5606 | D        | Noticed Rupert
  5613 | D        | Killed Rupert
  5616 | D        | Noticed Aizul
  5636 | D        | Killed Aizul
  5764 | D        | Noticed a sea snake
  5764 | D        | Noticed a merfolk impaler
  5764 | D        | Noticed a merfolk impaler
  5764 | D        | Noticed a sea snake
  5765 | D        | Noticed an alligator snapping turtle
  5776 | D        | Noticed a sea snake
  5776 | D        | Killed a sea snake
  6063 | D        | Killed a merfolk impaler
  6093 | D        | Killed a merfolk impaler
  6093 | D        | Reached skill level 25 in Unarmed Combat
  6093 | D        | Reached XP level 12. HP: 33/58 MP: 13/13
  6257 | D        | Slain by a sea snake

Skill      XL: |  1  2  3  4  5  6  7  8  9 10 11 12 |
---------------+-------------------------------------+-----
Fighting       | 4 6 7 8 9 |  9.8
Dodging        | 6 9 10 11 12 13 15 18 17 | 18.0
Unarmed Combat | 7 12 8 13 14 16 17 19 25 23 | 25.1
Stealth        | 1 3 7 16 18 15 | 18.0

Action                   |  1- 3 |  4- 6 |  7- 9 | 10-12 || total
-------------------------+-------+-------+-------+-------++-------
Melee: Unarmed           |    30 |    30 |    76 |   359 ||   495
       Bite              |     3 |     4 |    11 |    58 ||    76
       Punch             |       |     4 |     8 |    41 ||    53
  Use: Scroll            |       |       |       |     1 ||     1
       Potion            |       |       |       |     1 ||     1
 Stab: Sleeping          |       |       |     1 |    14 ||    15
       Distracted        |       |       |     2 |     4 ||     6
  Eat: Meat ration       |       |       |       |     1 ||     1
Armor: Skin              |       |       |     2 |     4 ||     6
Dodge: Dodged            |    19 |    12 |    83 |   260 ||   374
